 Dungeon Crawl Stone Soup version 0.23.2-40-g277498a001 (webtiles) character file.

Game seed: 7952013181922174204

26705 Glamhuggeren the Carver (level 13, -21/99 HPs)
             Began as a Demonspawn Fighter on Oct 10, 2019.
             Was a High Priest of Okawaru.
             Killed from afar by a shock serpent (shapeshifter) (29 damage)
             ... with a bolt of electricity
             ... on level 14 of the Dungeon.
             The game lasted 01:15:19 (13365 turns).

Glamhuggeren the Carver (Demonspawn Fighter)       Turns: 13365, Time: 01:15:19

Health: -21/99     AC: 24    Str: 20    XL:     13   Next: 0%
Magic:  0/19       EV: 11    Int: 12    God:    Okawaru [*****.]
Gold:   1962       SH: 19    Dex: 12    Spells: 12/12 levels left

rFire    + . .     SeeInvis .   a - +2 double sword (slice)
rCold    . . .     Gourm    .   v - +0 large shield {AC+3}
rNeg     . . .     Faith    .   n - +3 ring mail "Wunei" {rF+}
rPois    .         Spirit   +   (no helmet)
rElec    .         Reflect  .   (no cloak)
rCorr    .         Harm     .   x - +0 pair of gloves
MR       .....                  (boots unavailable)
Stlth    ++........             u - amulet of the acrobat
HPRegen  0.26/turn              A - +1 ring of protection
MPRegen  0.16/turn              F - ring of wizardry

@: about to teleport, heroism, sanguine armour, slowed, very slow
A: talons 3, powered by death 2, magic shield, sanguine armour 2
a: Heroism, Finesse, Renounce Religion


You were on level 14 of the Dungeon.
You worshipped Okawaru.
Okawaru was extremely pleased with you.
You were not hungry.

You visited 2 branches of the dungeon, and saw 15 of its levels.
You also visited: Bailey.

You collected 1962 gold pieces.

Inventory:

Hand Weapons
 a - a +2 double sword of slicing (weapon)
 b - a +1 fustibalus
 K - a +2 scimitar of flaming
Missiles
 p - 325 stones
 s - 74 sling bullets
 D - 4 tomahawks of dispersal
 J - 41 tomahawks of returning (quivered)
 O - an exploding tomahawk
Armour
 c - a +1 shield
 h - a +1 ring mail of poison resistance
 n - the +3 ring mail "Wunei" (worn) {rF+}
   (You found it on level 11 of the Dungeon)

   It protects you from fire.
 v - a +0 large shield of protection (worn)
 x - a +0 pair of gloves (worn)
Jewellery
 u - an amulet of the acrobat (around neck)
 A - a +1 ring of protection (left hand)
 F - a ring of wizardry (right hand)
Wands
 d - a wand of digging (7)
 i - a wand of acid (10)
 o - a wand of flame (19)
 C - a wand of polymorph (11)
 L - a wand of iceblast (19)
 N - a wand of enslavement (5)
Scrolls
 e - 4 scrolls of remove curse
 g - 2 scrolls of identify
 j - 3 scrolls of magic mapping
 m - 12 scrolls of teleportation
 r - 3 scrolls of enchant weapon
 w - 3 scrolls of enchant armour
 y - a scroll of fear
Potions
 k - 3 potions of resistance
 l - 4 potions of curing
 t - a potion of magic
 z - a potion of might
 E - a potion of ambrosia
 G - a potion of haste
 H - a potion of heal wounds
 I - 6 potions of flight
 R - a potion of mutation
Comestibles
 f - 26 rations
 B - 6 chunks of flesh


   Skills:
 + Level 8.5(13.5) Fighting
   Level 4.6(15.4) Short Blades
 * Level 14.1(19.3) Long Blades
 + Level 5.1(10.1) Slings
 - Level 4.4(9.4) Armour
 * Level 8.2(13.2) Shields
 - Level 8.0 Invocations


You had 12 spell levels left.
You didn't know any spells.
Your spell library contained the following spells:

 Spells                   Type           Power        Failure   Level  Hunger
 Confusing Touch          Hex            #.....       65%         1    ##.....
 Confuse                  Hex            #.......     93%         3    ####...
 Gell's Gravitas          Tloc           #.........   93%         3    ####...
 Petrify                  Tmut/Erth      #.......     100%        4    #####..
 Metabolic Englaciation   Hex/Ice        #.........   100%        5    ######.
 Yara's Violent Unravell  Hex/Tmut       #.........   100%        5    ######.


Dungeon Overview and Level Annotations

Branches:
Dungeon (14/15)            Temple (1/1) D:4            Lair (0/6) D:10
    Orc (0/2) D:12
 Vaults: D:13-14

Altars:
Ashenzari
Cheibriados
Dithmenos
Elyvilon
Fedhas
Gozag
Hepliaklqana
Kikubaaqudgha
Makhleb
Nemelex Xobeh
Okawaru
Qazlal
Ru
Sif Muna
Trog
Uskayaw
Vehumet
Wu Jian
Xom
Yredelemnul
Zin
The Shining One

Shops:
D:9 [   D:10 }


Innate Abilities, Weirdness & Mutations

You have claws for feet.
You regenerate health from kills.
When hurt, damage is shared between your health and your magic reserves.
When seriously injured, your bleeding wounds create thick armour. (AC +9)


Message History

As you read the scroll of teleportation, it crumbles to dust.
You feel strangely unstable.
The shock serpent bites you but does no damage.
You block the sphinx's attack. The sphinx hits you but does no damage.
You block the sphinx's attack. The shadow imp hits you.
The shock serpent bites you but does no damage.
The sphinx hits you but does no damage. You block the sphinx's attack.
The sphinx hits you. The shadow imp barely misses you.
You slash the shock serpent! You claw the shock serpent.
The shock serpent is almost dead.
The shock serpent's electric aura discharges, shocking you!
The shock serpent shoots out a bolt of lightning at you!
The bolt of electricity hits you!!
* * * LOW HITPOINT WARNING * * *
The sphinx barely misses you. The sphinx hits you!
* * * LOW HITPOINT WARNING * * *
You block the sphinx's attack.
The shock serpent shoots out a bolt of lightning at you!
The bolt of electricity hits you!!
You die...

......... .... ......... ....
......... ..# ######### ..#
## #.# ###### #####.##.# ##
#.o ...... .....?...###
.###5.. ...... ...........##
...S..# ######
###..###@H..##...H.# #..#
#5S...#..8..# #..#
#....##.....##
###########..###....#.......#
............(..).....).###
..............[.......##.##
.............(.).....##...##
################.....#.....#
. #...).#.....#####.


You could see a sphinx, a shock serpent and a shadow imp.

Vanquished Creatures
  3 centaur warriors
  8 two-headed ogres
  A deep troll earth mage (D:14)
  A skeletal warrior (D:14)
  2 unseen horrors
  2 ugly things
  A deep elf mage (D:14)
  A manticore (D:14)
  A centaur skeleton (D:13)
  A gargoyle (D:13)
  An efreet (D:14)
  A kobold demonologist (D:13)
  2 tengu conjurers (D:14)
  A queen bee (D:9)
  6 trolls
  A slime creature (D:14)
  Grinder (D:5)
  4 hippogriffs
  A hornet (D:11)
  Sigmund (D:2)
  2 vampires
  A shadow (D:14)
  A human (D:6)
  A wyvern (D:11)
  A wraith (D:13)
  2 basilisks
  9 yaks (D:10)
  8 vampire mosquitoes
  A hungry ghost (D:8)
  A soldier ant (D:13)
  A water moccasin (D:11)
  A meliai simulacrum (D:14)
  A hornet zombie (D:14)
  12 orc warriors
  An ice beast (D:8)
  4 sky beasts
  5 ogres
  2 phantoms
  A necrophage (D:11)
  6 centaurs
  3 crocodiles
  3 big kobolds
  7 bullfrogs
  22 killer bees
  A scorpion (D:8)
  5 howler monkeys
  An electric eel (D:13)
  12 crimson imps
  3 bullfrog zombies
  5 jellies
  2 quasits
  A bullfrog skeleton (D:11)
  16 orc priests
  5 hounds
  4 iguanas
  Natasha (thrice) (D:4)
  15 orc wizards
  12 worker ants
  A hound zombie (D:8)
  A hound skeleton (D:6)
  A howler monkey zombie (D:10)
  A worker ant zombie (D:8)
  10 adders
  7 shadow imps
  3 oozes
  An adder zombie (D:8)
  An adder skeleton (D:8)
  2 worms
  3 dart slugs
  5 leopard geckos
  56 orcs
  4 giant cockroaches (D:1)
  17 goblins
  14 hobgoblins
  6 jackals
  5 quokkas
  3 ball pythons
  7 bats
  2 frilled lizards
  A jackal skeleton (D:6)
  33 kobolds
  A quokka zombie (D:6)
  8 rats
414 creatures vanquished.

Vanquished Creatures (others)
  A deep elf mage (D:14)
  An orc wizard (D:10)
2 creatures vanquished.

Grand Total: 416 creatures vanquished

Notes
Turn   | Place    | Note
-------+----------+-------------------------------------------
     0 | D:1      | Glamhuggeren the Demonspawn Fighter began the quest for the
                  | Orb.
     0 | D:1      | Reached XP level 1. HP: 18/18 MP: 1/1
    96 | D:1      | Reached skill level 2 in Long Blades
   299 | D:1      | Gained mutation: You have sharp toenails. [demonic
                  | ancestry]
   299 | D:1      | Reached XP level 2. HP: 24/24 MP: 2/2
   734 | D:1      | Reached XP level 3. HP: 23/29 MP: 3/3
  1586 | D:2      | Found a glowing silver altar of Zin.
  1626 | D:2      | Noticed Sigmund
  1635 | D:2      | Killed Sigmund
  1635 | D:2      | Reached skill level 3 in Long Blades
  1635 | D:2      | Gained mutation: You have razor-sharp toenails. [demonic
                  | ancestry]
  1635 | D:2      | Reached XP level 4. HP: 16/35 MP: 4/4
  1635 | D:2      | Gained mutation: When seriously injured, your bleeding
                  | wounds create armour. (AC +9) [demonic ancestry]
  1635 | D:2      | Reached XP level 5. HP: 19/41 MP: 5/5
  1812 | D:2      | Reached skill level 4 in Long Blades
  2131 | D:3      | Noticed an orc warrior
  2150 | D:2      | Killed an orc warrior
  2150 | D:2      | Gained mutation: You regenerate a little health from kills.
                  | [demonic ancestry]
  2150 | D:2      | Reached XP level 6. HP: 21/47 MP: 6/6
  2443 | D:3      | Reached skill level 5 in Long Blades
  2704 | D:3      | Found a shadowy altar of Dithmenos.
  2749 | D:3      | Gained mutation: When hurt, damage is shared between your
                  | health and your magic reserves. [demonic ancestry]
  2749 | D:3      | Reached XP level 7. HP: 52/53 MP: 7/7
  2807 | D:3      | Found a bloodstained altar of Trog.
  2842 | D:3      | Found an opulent altar of Gozag.
  3014 | D:4      | Noticed Natasha
  3041 | D:4      | Killed Natasha
  3249 | D:4      | Found a staircase to the Ecumenical Temple.
  3258 | Temple   | Entered the Ecumenical Temple
  3473 | D:4      | Noticed Natasha
  3483 | D:4      | Killed Natasha
  3887 | D:4      | Reached skill level 1 in Short Blades
  3958 | D:4      | Noticed Natasha
  3961 | D:4      | Killed Natasha
  4030 | D:4      | Reached skill level 6 in Long Blades
  4389 | D:5      | Entered Level 5 of the Dungeon
  4482 | D:5      | Noticed Grinder
  4491 | D:5      | Killed Grinder
  4491 | D:5      | Reached XP level 8. HP: 51/61 MP: 5/8
  4494 | D:5      | Reached skill level 5 in Fighting
  4817 | D:5      | Reached skill level 7 in Long Blades
  4855 | D:5      | Found an ornate altar of the Wu Jian Council.
  5002 | D:6      | Found a runed translucent door.
  5027 | D:6      | Found a basalt altar of Yredelemnul.
  5110 | D:6      | Reached skill level 8 in Long Blades
  5484 | D:6      | Found an iron altar of Okawaru.
  5492 | D:6      | Became a worshipper of Warmaster Okawaru
  5791 | D:6      | Found a burning altar of Makhleb.
  5793 | D:6      | Noticed a blizzard demon
  5851 | D:7      | Found a flagged portal.
  5860 | D:7      | Reached XP level 9. HP: 69/69 MP: 9/9
  5869 | Bailey   | Entered a bailey
  6161 | Bailey   | Reached skill level 9 in Long Blades
  6372 | D:7      | Found an ancient bone altar of Kikubaaqudgha.
  6468 | D:7      | Reached * piety under Okawaru
  7049 | D:8      | Reached skill level 10 in Long Blades
  7091 | D:8      | Reached ** piety under Okawaru
  7235 | D:8      | Found a hazy altar of Hepliaklqana.
  7285 | D:8      | Noticed a two-headed ogre
  7291 | D:8      | Killed a two-headed ogre
  7291 | D:8      | Reached *** piety under Okawaru
  7291 | D:8      | Reached skill level 11 in Long Blades
  7291 | D:8      | Gained mutation: You have claws for feet. [demonic
                  | ancestry]
  7291 | D:8      | Reached XP level 10. HP: 54/76 MP: 6/10
  7530 | D:9      | Found a basalt altar of Yredelemnul.
  7584 | D:9      | Noticed a two-headed ogre
  7600 | D:9      | Killed a two-headed ogre
  7600 | D:9      | Reached **** piety under Okawaru
  7600 | D:9      | Reached skill level 12 in Long Blades
  7830 | D:9      | Found a sparkling altar of Nemelex Xobeh.
  7901 | D:9      | Found a sparkling altar of Nemelex Xobeh.
  8118 | D:9      | Noticed a two-headed ogre
  8314 | D:9      | Reached skill level 1 in Invocations
  8316 | D:9      | Found Hinohu Taeki's Armour Shoppe.
  8360 | D:9      | Killed a two-headed ogre
  8820 | D:10     | Entered Level 10 of the Dungeon
  8828 | D:10     | Found a staircase to the Lair.
  8853 | D:10     | Reached ***** piety under Okawaru
  8858 | D:10     | Gained mutation: When seriously injured, your bleeding
                  | wounds create thick armour. (AC +9) [demonic ancestry]
  8858 | D:10     | Reached XP level 11. HP: 38/81 MP: 5/13
  9069 | D:10     | Reached skill level 13 in Long Blades
  9232 | D:10     | Reached skill level 5 in Invocations
  9543 | D:10     | Found Afastraa's Gadget Shoppe.
  9820 | D:11     | Got a shimmering ring mail
  9835 | D:11     | Identified the +3 ring mail "Wunei" {rF+} (You found it on
                  | level 11 of the Dungeon)
 10094 | D:11     | Found a snail-covered altar of Cheibriados.
 10151 | D:11     | Killed an unseen horror
 10151 | D:11     | Received a gift from Okawaru
 10310 | D:11     | Found a frozen archway.
 10714 | D:12     | Noticed a brown ugly thing
 10738 | D:12     | Killed a brown ugly thing
 10738 | D:12     | Reached skill level 1 in Slings
 11287 | D:12     | Noticed a two-headed ogre
 11298 | D:12     | Killed a two-headed ogre
 11341 | D:12     | Found a staircase to the Orcish Mines.
 11531 | D:12     | Killed an unseen horror
 11531 | D:12     | Reached skill level 5 in Shields
 11717 | D:12     | Noticed a two-headed ogre
 11731 | D:12     | Killed a two-headed ogre
 11917 | D:13     | Noticed a centaur warrior
 11935 | D:13     | Killed a centaur warrior
 11935 | D:13     | Gained mutation: You regenerate health from kills. [demonic
                  | ancestry]
 11935 | D:13     | Reached XP level 12. HP: 62/91 MP: 3/16
 12042 | D:13     | Noticed a two-headed ogre
 12055 | D:13     | Killed a two-headed ogre
 12190 | D:13     | Noticed a two-headed ogre
 12214 | D:13     | Killed a two-headed ogre
 12651 | D:13     | Received a gift from Okawaru
 12691 | D:13     | Noticed a centaur warrior
 12704 | D:13     | Killed a centaur warrior
 13107 | D:13     | Identified a scroll of acquirement
 13201 | D:14     | Noticed a centaur warrior
 13229 | D:14     | Noticed a deep troll earth mage
 13229 | D:14     | Killed a centaur warrior
 13229 | D:14     | Received a gift from Okawaru
 13238 | D:14     | Reached skill level 14 in Long Blades
 13242 | D:14     | Noticed a two-headed ogre
 13272 | D:14     | Killed a two-headed ogre
 13277 | D:14     | Killed a deep troll earth mage
 13277 | D:14     | Reached skill level 5 in Slings
 13347 | D:14     | Noticed a sphinx
 13350 | D:14     | Reached XP level 13. HP: 84/99 MP: 9/19
 13365 | D:14     | Killed from afar by a shock serpent (shapeshifter)

Skill      XL: |  1  2  3  4  5  6  7  8  9 10 11 12 |
---------------+-------------------------------------+-----
Long Blades    | 2 3 4 5 6 8 11 12 13 14 | 14.1
Shields        | 3 5 8 |  8.2
Armour         | 3 4 |  4.4
Fighting       | 4 6 7 8 |  8.5
Short Blades   | 2 4 |  4.6
Invocations    | 3 6 8 |  8.0
Slings         | 3 5 |  5.1

Action                   |  1- 3 |  4- 6 |  7- 9 | 10-12 | 13-15 || total
-------------------------+-------+-------+-------+-------+-------++-------
Melee: Long sword        |   128 |    72 |       |       |       ||   200
       Kick              |    29 |    22 |   117 |   293 |     2 ||   463
       Dagger            |       |    32 |   453 |   879 |       ||  1364
       Double sword      |       |       |       |    95 |     4 ||    99
 Fire: Fustibalus        |       |       |    45 |     6 |       ||    51
Throw: Stone             |       |       |     5 |       |       ||     5
       Tomahawk          |       |       |    25 |    23 |       ||    48
Invok: Heroism           |       |       |     3 |    19 |     1 ||    23
       Finesse           |       |       |       |     6 |       ||     6
  Use: Potion            |     1 |     4 |     4 |     3 |     1 ||    13
       Scroll            |       |       |     9 |    18 |     1 ||    28
 Stab: Invisible         |       |       |     1 |       |       ||     1
       Distracted        |       |       |       |     1 |       ||     1
  Eat: Chunk             |     3 |     3 |    16 |    16 |       ||    38
       Ration            |       |       |       |     1 |       ||     1
Armor: Scale mail        |    43 |       |       |       |       ||    43
       Ring mail         |    30 |    45 |   118 |   227 |    10 ||   430
Dodge: Dodged            |    42 |    35 |   133 |   286 |     6 ||   502
Block: Shield            |    72 |    51 |   148 |   333 |       ||   604
       Large shield      |       |       |       |    15 |     8 ||    23
       Rpst.: Long sword |    10 |    13 |       |       |       ||    23
       Double sword      |       |       |       |    15 |     2 ||    17
